 Dungeon Crawl Stone Soup version 0.31.0-11-ge490571c62 (webtiles) character file.

Game seed: 18119589598925330239

41 mopl the Apothecary (level 3, -3/21 HPs)
             Began as an Octopode Alchemist on Feb 10, 2024.
             Slain by Crazy Yiuf
             ... wielding a +4 quarterstaff of chaos
              (13 damage)
             ... on level 2 of the Dungeon.
             The game lasted 00:01:33 (1056 turns).

mopl the Apothecary (Octopode Alchemist)            Turns: 1056, Time: 00:01:33

Health: -3/21      AC:  1    Str:  7    XL:     3   Next: 52%
Magic:  3/6        EV: 13    Int: 19    God:
Gold:   59         SH:  0    Dex: 12    Spells: 6/7 levels left

rFire   . . .        c - +0 spear
rCold   . . .        (no shield)
rNeg    . . .        (helmet restricted)
rPois   .            (no amulet)
rElec   .            b - ring of see invisible
rCorr   .            (no ring)
SInv    +            (no ring)
Will    .....        (no ring)
Stlth   +++          (no ring)
HPRegen 0.23/turn    (no ring)
MPRegen 0.10/turn    (no ring)
                     (no ring)

%: no passive effects
@: no status effects
A: almost no armour, amphibious, 8 rings, camouflage 1, gelatinous body 1,
(nimble swimmer 1), tentacles
a: no special abilities


You were on level 2 of the Dungeon.
You visited 1 branch of the dungeon, and saw 2 of its levels.

You collected 59 gold pieces.

Inventory:

Hand Weapons
 c - a +0 spear (weapon)
Missiles
 e - 6 poisoned darts
Jewellery
 b - a ring of see invisible (left tentacle)
Scrolls
 d - 2 scrolls of identify {unknown}
 f - a scroll of teleportation {unknown}
Potions
 a - a potion of magic
 g - a potion of curing {unknown}


   Skills:
 - Level 2.0 Dodging
 - Level 2.6 Stealth
 + Level 2.6 Spellcasting
 + Level 2.0 Conjurations
 + Level 3.9 Alchemy


You had 6 spell levels left.
You knew the following spells:

 Your Spells              Type           Power      Damage    Failure   Level
a - Sting                 Conj/Alch      52%        1d6       4%          1

Your spell library contained the following spells:

 Spells                   Type           Power      Damage    Failure   Level
 Magic Dart               Conj           40%        1d5       7%          1
 Mercury Vapours          Alch/Air       18%        N/A       11%         2
 Searing Ray              Conj           20%        2d5       11%         2
 Mephitic Cloud           Conj/Alch/Air  9%         N/A       22%         3
 Olgreb's Toxic Radiance  Alch           17%        N/A       32%         4
 Fulminant Prism          Conj/Alch      6%         3d7       43%         4
 Sticky Flame             Fire/Alch      9%         2d5       56%         4


Dungeon Overview and Level Annotations

Branches:
Dungeon (2/15)

Altars:
Zin

Shops:
D:1 (

Annotations:
D:2 Crazy Yiuf


Innate Abilities, Weirdness & Mutations

You cannot wear most types of armour.
You are amphibious.
You can wear up to eight rings at the same time.
Your skin changes colour to match your surroundings (Stealth+).
Your rubbery body absorbs attacks. (AC +1, EV +1)
((You are camouflaged when in or above water. (Stealth+)))
You have tentacles for arms and can constrict up to eight enemies at once.


Message History

You see here a +0 leather armour.
A goblin comes into view. It is wielding a +0 dagger.
The sting hits the goblin.
The goblin is poisoned.
The goblin is heavily wounded.
The goblin shouts!
The sting hits the goblin.
The goblin looks even sicker.
You kill the goblin!
You see here a +0 leather armour.
There is an escape hatch in the floor here.
There is an open door here.
There is an open door here.
Things that are here:
a +0 dagger; a goblin corpse You open the door.
Found a glowing silver altar of Zin.
There is an open door here.
There is an open door here.
There is an open door here.
There is an open door here.
You open the door.
The sting hits Crazy Yiuf.
Crazy Yiuf is poisoned.
Crazy Yiuf is lightly wounded.
Crazy Yiuf shouts!
Crazy Yiuf says, "East!
Earwax song dark."
The sting misses Crazy Yiuf.
Crazy Yiuf screams, "Mountain blue fast!"
The sting hits Crazy Yiuf.
Crazy Yiuf looks even sicker.
Crazy Yiuf is lightly wounded.
The sting hits Crazy Yiuf but does no damage.
Crazy Yiuf looks even sicker.
Crazy Yiuf is moderately wounded.
Crazy Yiuf grits, "Goldfish!
Hah eyeball shoe."
Crazy Yiuf hits you with a +4 quarterstaff of chaos!
Crazy Yiuf freezes you.
You are too injured to fight recklessly!
Crazy Yiuf screams, "Tosser!"
Crazy Yiuf attacks as he pursues you!
Crazy Yiuf hits you with a +4 quarterstaff of chaos!
Ouch! That really hurt!
You die...

♣.♣♣ #.######## #### ♣♣.♣
####.# #..# ♣♣.♣♣ #....#
#.## ♣♣...♣ ###### #.#
♣....♣ #.# #....# #.#
##..##
#.#####..g#################
#.........@................
#)#########################
###


You could see Crazy Yiuf (very poisoned).

Vanquished Creatures
  An adder (D:2)
  2 ball pythons
  2 bats (D:1)
  4 endoplasms (D:1)
  A giant cockroach (D:1)
  5 goblins
  3 hobgoblins (D:1)
  2 quokkas (D:1)
  2 frilled lizards (D:1)
  3 kobolds (D:1)
  6 rats
31 creatures vanquished.

Notes
Turn   | Place    | Note
-------+----------+-------------------------------------------
     0 | D:1      | mopl the Octopode Alchemist began the quest for the Orb.
     0 | D:1      | Reached XP level 1. HP: 11/11 MP: 3/3
    67 | D:1      | Reached XP level 2. HP: 15/17 MP: 0/5
   180 | D:1      | Found Tuinei's Antique Weapon Boutique.
   306 | D:1      | Reached XP level 3. HP: 21/21 MP: 0/6
   582 | D:2      | Found a runed translucent door.
   583 | D:2      | Noticed Crazy Yiuf
   884 | D:2      | Found a glowing silver altar of Zin.
  1056 | D:2      | Slain by Crazy Yiuf

Illustrated notes

Levels and vault maps discovered:
D:1:      minmay_arrival_five_plusses, layout_basic, serial_shops, shop,
          minmay_misc_feat_pillars, minmay_misc_feat_five, nrook_mini_backslash,
          minmay_misc_feat_rows, st_stairs_13
D:2:      layout_basic, basic_altar, minmay_surrounded, uniq_crazy_yiuf_cottage

Skill      XL: |  1  2  3 |
---------------+----------+-----
Conjurations   | 2 |  2.0
Dodging        | |  2.0
Stealth        | |  2.6
Spellcasting   | |  2.6
Alchemy        | |  3.9

Action                     || total
---------------------------++-------
  Melee: Unarmed           ||     5
         Tentacles         ||     9
         Spear             ||    28
         Constrict         ||     6
   Cast: Sting             ||    39
   Stab: Sleeping          ||     1
 Armour: Skin              ||    15
  Dodge: Dodged            ||    13
